2486 views
Uploaded 2020-02-05 21:03:34
Game version 1.32 / 1.32.1
11:05 long 4on4 ladder game on (8)Deadlock_LV
Saved by BEARAND
2486 views
Uploaded 2020-02-05 21:03:34
Game version 1.32 / 1.32.1
11:05 long 4on4 ladder game on (8)Deadlock_LV


84 units @ 7.4k
/ 0.3k
130 buildings @ 10.6k
/ 4.9k
ChuckleMan
(103)
(11:04) : 
| Scroll of Regeneration | 1 | 100 |
| Lesser Clarity Potion | 1 | 70 |
| Potion of Healing | 1 | 150 |
| Staff of Teleportation | 1 | 150 |
| Boots of Speed | 1 | 250 |
| Healing Salve | 2 | 200 |
| Tiny Great Hall | 1 | 600 |
| total: | 8 | 1520g |
| Peasant | 30 | 2250 | / | 0 |
| total: | 30 | 2250g | / | 0w |
| Scout Tower | 21 | 630 | / | 420 |
| Guard Tower | 12 | 840 | / | 600 |
| Arcane Tower | 1 | 70 | / | 50 |
| Altar of Kings | 1 | 180 | / | 50 |
| Farm | 4 | 320 | / | 80 |
| Lumber Mill | 1 | 120 | / | 0 |
| Town Hall | 2 | 770 | / | 410 |
| Arcane Vault | 2 | 260 | / | 60 |
| Arcane Sanctum | 1 | 150 | / | 140 |
| Keep | 1 | 320 | / | 210 |
| Castle | 1 | 360 | / | 210 |
| total: | 32 | 2430g | / | 1160w |
| 0:02 | Peasant |
| 0:02 | Peasant |
| 0:07 | Altar of Kings |
| 0:09 | Farm |
| 0:12 | Peasant |
| 0:23 | Peasant |
| 0:34 | Peasant |
| 0:38 | Farm |
| 0:47 | Peasant |
| 0:58 | Peasant |
| 1:05 | Lumber Mill |
| 1:07 | Peasant |
| 1:22 | Peasant |
| 1:27 | Farm |
| 1:30 | Peasant |
| 1:39 | Peasant |
| 1:50 | Scout Tower |
| 1:54 | Scout Tower |
| 1:56 | Peasant |
| 2:06 | Blizzard |
| 2:09 | Peasant |
| 2:45 | Guard Tower |
| 2:46 | Scout Tower |
| 2:49 | Scout Tower |
| 2:55 | Peasant |
| 2:55 | Peasant |
| 3:38 | Peasant |
| 3:44 | Brilliance Aura |
| 3:51 | Town Hall |
| 3:52 | Scout Tower |
| 3:53 | Scout Tower |
| 3:53 | Scout Tower |
| 3:54 | Scout Tower |
| 3:58 | Guard Tower |
| 4:00 | Improved Masonry |
| 4:11 | Healing Salve |
| 4:27 | Guard Tower |
| 4:31 | Scout Tower |
| 4:33 | Arcane Tower |
| 4:37 | Scout Tower |
| 5:11 | Guard Tower |
| 5:25 | Keep |
| 5:47 | Guard Tower |
| 5:48 | Scout Tower |
| 5:48 | Scout Tower |
| 5:49 | Scout Tower |
| 5:52 | Arcane Vault |
| 5:54 | Peasant |
| 6:07 | Scout Tower |
| 6:08 | Scout Tower |
| 6:09 | Scout Tower |
| 6:10 | Scout Tower |
| 6:16 | Arcane Vault |
| 6:19 | Guard Tower |
| 6:23 | Scout Tower |
| 6:24 | Scout Tower |
| 6:24 | Scout Tower |
| 6:25 | Scout Tower |
| 6:28 | Staff of Teleportation |
| 6:29 | Boots of Speed |
| 6:59 | Guard Tower |
| 7:03 | Guard Tower |
| 7:12 | Guard Tower |
| 7:17 | Peasant |
| 7:17 | Peasant |
| 7:17 | Peasant |
| 7:17 | Peasant |
| 7:19 | Peasant |
| 7:35 | Guard Tower |
| 7:38 | Guard Tower |
| 7:49 | Improved Lumber Harvesting |
| 7:49 | Advanced Masonry |
| 7:52 | Peasant |
| 7:53 | Peasant |
| 7:57 | Arcane Sanctum |
| 8:01 | Farm |
| 8:13 | Scroll of Regeneration |
| 8:23 | Peasant |
| 8:23 | Peasant |
| 8:25 | Peasant |
| 8:25 | Peasant |
| 8:47 | Blizzard |
| 8:58 | Peasant |
| 8:58 | Peasant |
| 9:10 | Town Hall |
| 10:05 | Castle |
| 10:07 | Guard Tower |
| 10:08 | Magic Sentry |
| 10:44 | Brilliance Aura |
| 10:58 | Lesser Clarity Potion |
| 10:59 | Healing Salve |
| 11:02 | Potion of Healing |
| 11:04 | Tiny Great Hall |
| Right click | 315 |
| Select group | 162 |
| Select | 119 |
| Build/train/purchase | 73 |
| Misc. action | 31 |
| Assign group | 28 |
| Use ability | 27 |
| Resource trade | 6 |
| Chat | 4 |
| Item give/drop | 1 |


| Staff of Teleportation | 2 | 300 |
| Boots of Speed | 2 | 500 |
| Potion of Invisibility | 1 | 100 |
| Healing Salve | 1 | 100 |
| total: | 6 | 1000g |
| Peasant | 19 | 1425 | / | 0 |
| Priest | 1 | 135 | / | 10 |
| total: | 20 | 1560g | / | 10w |
| Scout Tower | 52 | 1560 | / | 1040 |
| Arcane Tower | 2 | 140 | / | 100 |
| Guard Tower | 20 | 1400 | / | 1000 |
| Altar of Kings | 1 | 180 | / | 50 |
| Farm | 4 | 320 | / | 80 |
| Lumber Mill | 1 | 120 | / | 0 |
| Town Hall | 1 | 385 | / | 205 |
| Arcane Vault | 3 | 390 | / | 90 |
| Arcane Sanctum | 1 | 150 | / | 140 |
| Keep | 1 | 320 | / | 210 |
| Castle | 1 | 360 | / | 210 |
| total: | 63 | 3105g | / | 1605w |
| 0:01 | Peasant |
| 0:01 | Peasant |
| 0:06 | Altar of Kings |
| 0:15 | Peasant |
| 0:17 | Farm |
| 0:30 | Scout Tower |
| 0:32 | Farm |
| 0:32 | Peasant |
| 0:35 | Peasant |
| 1:02 | Lumber Mill |
| 1:04 | Peasant |
| 1:18 | Peasant |
| 1:20 | Peasant |
| 1:35 | Arcane Tower |
| 1:36 | Scout Tower |
| 1:52 | Peasant |
| 2:02 | Scout Tower |
| 2:03 | Scout Tower |
| 2:04 | Blizzard |
| 2:12 | Guard Tower |
| 2:55 | Guard Tower |
| 2:56 | Scout Tower |
| 2:58 | Peasant |
| 2:58 | Peasant |
| 2:59 | Peasant |
| 2:59 | Peasant |
| 3:07 | Peasant |
| 3:07 | Peasant |
| 3:27 | Town Hall |
| 3:29 | Scout Tower |
| 3:57 | Guard Tower |
| 3:58 | Scout Tower |
| 3:59 | Scout Tower |
| 4:04 | Brilliance Aura |
| 4:18 | Keep |
| 4:31 | Staff of Teleportation |
| 4:31 | Boots of Speed |
| 4:40 | Healing Salve |
| 5:03 | Guard Tower |
| 5:05 | Scout Tower |
| 5:06 | Scout Tower |
| 5:06 | Scout Tower |
| 5:10 | Scout Tower |
| 5:11 | Improved Masonry |
| 5:50 | Guard Tower |
| 5:51 | Scout Tower |
| 5:53 | Scout Tower |
| 5:53 | Scout Tower |
| 6:02 | Guard Tower |
| 6:03 | Arcane Tower |
| 6:26 | Farm |
| 6:27 | Farm |
| 6:27 | Guard Tower |
| 6:33 | Peasant |
| 6:33 | Peasant |
| 6:33 | Peasant |
| 6:34 | Peasant |
| 7:23 | Guard Tower |
| 7:27 | Scout Tower |
| 7:28 | Scout Tower |
| 7:37 | Scout Tower |
| 7:38 | Scout Tower |
| 7:44 | Blizzard |
| 7:50 | Guard Tower |
| 7:52 | Scout Tower |
| 7:52 | Scout Tower |
| 7:53 | Storm Bolt |
| 8:02 | Guard Tower |
| 8:06 | Improved Lumber Harvesting |
| 8:06 | Advanced Masonry |
| 8:08 | Arcane Sanctum |
| 8:19 | Boots of Speed |
| 8:19 | Staff of Teleportation |
| 8:31 | Potion of Invisibility |
| 8:47 | Bash |
| 8:52 | Arcane Vault |
| 8:53 | Guard Tower |
| 8:55 | Guard Tower |
| 8:56 | Scout Tower |
| 8:59 | Guard Tower |
| 9:01 | Scout Tower |
| 9:01 | Scout Tower |
| 9:02 | Scout Tower |
| 9:02 | Scout Tower |
| 9:03 | Scout Tower |
| 9:03 | Scout Tower |
| 9:06 | Castle |
| 9:22 | Magic Sentry |
| 9:22 | Priest |
| 9:33 | Guard Tower |
| 9:34 | Scout Tower |
| 9:35 | Scout Tower |
| 9:36 | Scout Tower |
| 9:38 | Scout Tower |
| 9:39 | Scout Tower |
| 9:48 | Arcane Vault |
| 10:01 | Arcane Vault |
| 10:02 | Scout Tower |
| 10:02 | Scout Tower |
| 10:03 | Scout Tower |
| 10:03 | Guard Tower |
| 10:26 | Scout Tower |
| 10:27 | Scout Tower |
| 10:28 | Scout Tower |
| 10:29 | Scout Tower |
| 10:29 | Scout Tower |
| 10:29 | Scout Tower |
| 10:55 | Scout Tower |
| 10:56 | Scout Tower |
| 10:56 | Scout Tower |
| 10:56 | Scout Tower |
| 10:57 | Scout Tower |
| 10:58 | Scout Tower |
| 10:58 | Scout Tower |
| 10:58 | Scout Tower |
| 10:59 | Scout Tower |
| 10:59 | Scout Tower |
| Right click | 763 |
| Select | 233 |
| Select group | 141 |
| Build/train/purchase | 72 |
| Chat | 37 |
| Use ability | 28 |
| Misc. action | 8 |
| Minimap ping | 8 |
| Assign group | 5 |
| Resource trade | 5 |
| Item give/drop | 2 |
| Remove unit | 1 |



| Rod of Necromancy | 1 | 150 |
| Orb of Corruption | 1 | 375 |
| Boots of Speed | 2 | 500 |
| Circlet of Nobility | 1 | 175 |
| total: | 5 | 1200g |
| Acolyte | 7 | 525 | / | 0 |
| Ghoul | 8 | 960 | / | 0 |
| Obsidian Statue | 1 | 200 | / | 35 |
| total: | 16 | 1685g | / | 35w |
| Nerubian Tower | 1 | 100 | / | 20 |
| Spirit Tower | 3 | 435 | / | 120 |
| Altar of Darkness | 1 | 180 | / | 50 |
| Ziggurat | 6 | 900 | / | 300 |
| Crypt | 1 | 200 | / | 50 |
| Tomb of Relics | 2 | 260 | / | 60 |
| Graveyard | 1 | 215 | / | 0 |
| Necropolis | 1 | 225 | / | 0 |
| Slaughterhouse | 2 | 280 | / | 270 |
| Halls of the Dead | 1 | 320 | / | 210 |
| Black Citadel | 1 | 325 | / | 230 |
| total: | 14 | 2260g | / | 730w |
| 0:04 | Acolyte |
| 0:05 | Acolyte |
| 0:09 | Altar of Darkness |
| 0:11 | Ziggurat |
| 0:13 | Ziggurat |
| 0:43 | Crypt |
| 1:05 | Tomb of Relics |
| 1:07 | Nerubian Tower |
| 1:32 | Graveyard |
| 1:44 | Ghoul |
| 1:51 | Ziggurat |
| 2:03 | Ghoul |
| 2:09 | Death Coil |
| 2:21 | Ghoul |
| 2:25 | Rod of Necromancy |
| 2:33 | Ghoul |
| 3:08 | Spirit Tower |
| 3:09 | Ghoul |
| 3:09 | Ghoul |
| 4:16 | Unholy Aura |
| 4:21 | Halls of the Dead |
| 4:21 | Ghoul |
| 4:28 | Ziggurat |
| 4:52 | Boots of Speed |
| 4:52 | Circlet of Nobility |
| 5:08 | Ziggurat |
| 5:09 | Ghoul |
| 6:57 | Spirit Tower |
| 6:57 | Black Citadel |
| 7:46 | Frost Nova |
| 8:01 | Tomb of Relics |
| 8:02 | Slaughterhouse |
| 8:25 | Death Coil |
| 8:53 | Frost Armor |
| 9:03 | Slaughterhouse |
| 9:09 | Ziggurat |
| 9:41 | Acolyte |
| 9:45 | Necropolis |
| 9:53 | Orb of Corruption |
| 9:57 | Boots of Speed |
| 10:06 | Obsidian Statue |
| 10:27 | Rain of Fire |
| 10:37 | Acolyte |
| 10:37 | Acolyte |
| 10:37 | Acolyte |
| 10:38 | Acolyte |
| 10:43 | Spirit Tower |
| Right click | 763 |
| Select group | 562 |
| Select | 134 |
| Build/train/purchase | 43 |
| Misc. action | 27 |
| Use ability | 24 |
| Assign group | 14 |
| Item give/drop | 9 |
| Minimap ping | 6 |
| Resource trade | 5 |


| Healing Salve | 3 | 300 |
| Orb of Lightning | 1 | 375 |
| Boots of Speed | 1 | 250 |
| Staff of Teleportation | 1 | 150 |
| total: | 6 | 1075g |
| Peon | 12 | 900 | / | 0 |
| Troll Batrider | 6 | 960 | / | 240 |
| total: | 18 | 1860g | / | 240w |
| Watch Tower | 10 | 1100 | / | 800 |
| Altar of Storms | 1 | 180 | / | 50 |
| Orc Burrow | 3 | 480 | / | 120 |
| War Mill | 1 | 205 | / | 0 |
| Voodoo Lounge | 4 | 520 | / | 120 |
| Beastiary | 2 | 290 | / | 280 |
| Stronghold | 1 | 315 | / | 190 |
| Fortress | 1 | 325 | / | 190 |
| total: | 21 | 2775g | / | 1370w |
| 0:01 | Peon |
| 0:02 | Peon |
| 0:05 | Altar of Storms |
| 0:18 | Orc Burrow |
| 0:29 | Peon |
| 0:36 | War Mill |
| 0:46 | Peon |
| 0:54 | Peon |
| 1:08 | Voodoo Lounge |
| 1:15 | Peon |
| 1:23 | Peon |
| 1:42 | Orc Burrow |
| 1:50 | Peon |
| 2:02 | Watch Tower |
| 2:07 | Wind Walk |
| 2:10 | Peon |
| 2:15 | Healing Salve |
| 2:28 | Watch Tower |
| 2:47 | Peon |
| 2:49 | Watch Tower |
| 2:52 | Peon |
| 3:19 | Peon |
| 3:21 | Watch Tower |
| 3:42 | Stronghold |
| 3:52 | Boots of Speed |
| 4:07 | Staff of Teleportation |
| 4:19 | Watch Tower |
| 5:04 | Orc Burrow |
| 5:06 | Watch Tower |
| 5:11 | Critical Strike |
| 5:38 | Watch Tower |
| 6:07 | Watch Tower |
| 6:11 | Beastiary |
| 6:36 | Fortress |
| 7:03 | Hex |
| 7:18 | Troll Batrider |
| 7:20 | Beastiary |
| 7:52 | Troll Batrider |
| 8:15 | Watch Tower |
| 8:18 | Watch Tower |
| 8:21 | Troll Batrider |
| 8:23 | Reinforced Defenses |
| 8:39 | Troll Batrider |
| 8:57 | Liquid Fire |
| 9:07 | Troll Batrider |
| 9:09 | Steel Ranged Weapons |
| 9:20 | Healing Salve |
| 9:30 | Voodoo Lounge |
| 9:33 | Voodoo Lounge |
| 9:36 | Voodoo Lounge |
| 9:48 | Troll Batrider |
| 10:22 | Wind Walk |
| 10:50 | Healing Salve |
| 10:51 | Orb of Lightning |
| Right click | 809 |
| Select | 183 |
| Select group | 76 |
| Build/train/purchase | 49 |
| Misc. action | 21 |
| Use ability | 12 |
| Assign group | 7 |
| Item give/drop | 4 |
| Esc | 1 |
| Minimap ping | 1 |
81 units @ 8.4k
/ 0.5k
37 buildings @ 5.4k
/ 1.8k


| Healing Salve | 2 | 200 |
| Lesser Clarity Potion | 1 | 70 |
| Scroll of Speed | 1 | 50 |
| total: | 4 | 320g |
| Peon | 10 | 750 | / | 0 |
| Grunt | 2 | 400 | / | 0 |
| Troll Headhunter | 5 | 700 | / | 100 |
| total: | 17 | 1850g | / | 100w |
| Altar of Storms | 1 | 180 | / | 50 |
| Orc Burrow | 3 | 480 | / | 120 |
| Barracks | 1 | 180 | / | 50 |
| Voodoo Lounge | 1 | 130 | / | 30 |
| War Mill | 1 | 205 | / | 0 |
| Spirit Lodge | 1 | 150 | / | 150 |
| Stronghold | 1 | 315 | / | 190 |
| total: | 8 | 1325g | / | 400w |
| 0:07 | Altar of Storms |
| 0:12 | Peon |
| 0:12 | Peon |
| 0:25 | Orc Burrow |
| 0:40 | Barracks |
| 0:53 | Peon |
| 1:34 | Voodoo Lounge |
| 1:39 | Peon |
| 1:41 | Grunt |
| 1:50 | Grunt |
| 2:24 | Orc Burrow |
| 2:28 | Orc Burrow |
| 2:33 | Feral Spirit |
| 3:30 | Peon |
| 3:35 | War Mill |
| 4:10 | Stronghold |
| 4:18 | Healing Salve |
| 4:18 | Lesser Clarity Potion |
| 4:18 | Scroll of Speed |
| 4:54 | Troll Headhunter |
| 4:54 | Troll Headhunter |
| 4:55 | Troll Headhunter |
| 6:43 | Peon |
| 6:44 | Peon |
| 6:44 | Peon |
| 6:44 | Peon |
| 6:44 | Peon |
| 7:09 | Chain Lighting |
| 8:28 | Steel Armor |
| 8:42 | Spirit Lodge |
| 8:58 | Healing Salve |
| 9:04 | Troll Regeneration |
| 9:16 | Troll Headhunter |
| 9:17 | Troll Headhunter |
| 9:25 | Healing Wave |
| Right click | 390 |
| Select | 123 |
| Build/train/purchase | 35 |
| Misc. action | 24 |
| Select group | 11 |
| Assign group | 8 |
| Use ability | 4 |
| Remove unit | 2 |
| Esc | 1 |
| Minimap ping | 1 |
| Peasant | 21 | 1575 | / | 0 |
| Footman | 6 | 810 | / | 0 |
| total: | 27 | 2385g | / | 0w |
| Scout Tower | 2 | 60 | / | 40 |
| Barracks | 3 | 480 | / | 180 |
| Farm | 4 | 320 | / | 80 |
| total: | 9 | 860g | / | 300w |
| 0:12 | Peasant |
| 0:37 | Barracks |
| 0:41 | Peasant |
| 0:43 | Peasant |
| 0:45 | Peasant |
| 1:36 | Peasant |
| 1:46 | Barracks |
| 1:50 | Peasant |
| 2:08 | Farm |
| 2:12 | Farm |
| 2:37 | Farm |
| 2:46 | Farm |
| 3:15 | Footman |
| 3:39 | Peasant |
| 3:39 | Peasant |
| 4:10 | Footman |
| 4:14 | Footman |
| 5:18 | Peasant |
| 5:18 | Peasant |
| 5:19 | Peasant |
| 5:19 | Peasant |
| 5:49 | Footman |
| 5:49 | Footman |
| 6:01 | Peasant |
| 6:01 | Peasant |
| 6:01 | Peasant |
| 6:01 | Peasant |
| 6:02 | Peasant |
| 6:33 | Barracks |
| 7:14 | Footman |
| 8:13 | Peasant |
| 8:30 | Scout Tower |
| 8:58 | Peasant |
| 9:39 | Scout Tower |
| 10:30 | Peasant |
| 10:30 | Peasant |
| Right click | 257 |
| Select | 72 |
| Misc. action | 48 |
| Build/train/purchase | 30 |
| Esc | 3 |

| Rod of Necromancy | 1 | 150 |
| total: | 1 | 150g |
| Acolyte | 2 | 150 | / | 0 |
| Ghoul | 12 | 1440 | / | 0 |
| total: | 14 | 1590g | / | 0w |
| Altar of Darkness | 1 | 180 | / | 50 |
| Ziggurat | 4 | 600 | / | 200 |
| Crypt | 2 | 400 | / | 100 |
| Tomb of Relics | 1 | 130 | / | 30 |
| Graveyard | 1 | 215 | / | 0 |
| Sacrificial Pit | 1 | 75 | / | 150 |
| Halls of the Dead | 1 | 320 | / | 210 |
| Black Citadel | 1 | 325 | / | 230 |
| total: | 10 | 1600g | / | 530w |
| 0:04 | Acolyte |
| 0:13 | Altar of Darkness |
| 0:15 | Ziggurat |
| 0:17 | Acolyte |
| 0:36 | Crypt |
| 1:02 | Tomb of Relics |
| 1:39 | Ghoul |
| 1:43 | Ziggurat |
| 1:58 | Crypt |
| 2:15 | Ghoul |
| 2:32 | Vampiric Aura |
| 2:34 | Ghoul |
| 2:43 | Ziggurat |
| 2:46 | Ghoul |
| 2:51 | Rod of Necromancy |
| 3:04 | Ghoul |
| 3:20 | Ghoul |
| 3:37 | Ghoul |
| 3:52 | Graveyard |
| 4:07 | Ghoul |
| 4:15 | Ghoul |
| 4:29 | Ghoul |
| 4:51 | Ghoul |
| 5:14 | Ghoul |
| 6:00 | Halls of the Dead |
| 6:35 | Ziggurat |
| 8:48 | Black Citadel |
| 8:58 | Sacrificial Pit |
| Right click | 425 |
| Select group | 110 |
| Select | 74 |
| Build/train/purchase | 36 |
| Assign group | 12 |
| Misc. action | 10 |
| Minimap ping | 4 |
| Use ability | 1 |
| Remove unit | 1 |

| Scroll of Town Portal | 1 | 350 |
| total: | 1 | 350g |
| Wisp | 11 | 660 | / | 0 |
| Archer | 7 | 910 | / | 70 |
| Glaive Thrower | 5 | 1050 | / | 325 |
| total: | 23 | 2620g | / | 395w |
| Ancient Protector | 1 | 135 | / | 80 |
| Altar of Elders | 1 | 180 | / | 50 |
| Moon Well | 4 | 720 | / | 160 |
| Ancient of War | 2 | 300 | / | 120 |
| Ancient of Wonders | 1 | 90 | / | 30 |
| Hunter's Hall | 1 | 210 | / | 100 |
| Tree of Ages | 1 | 320 | / | 180 |
| total: | 10 | 1635g | / | 540w |
| 0:07 | Altar of Elders |
| 0:12 | Moon Well |
| 0:16 | Wisp |
| 0:16 | Wisp |
| 0:24 | Ancient of War |
| 0:34 | Wisp |
| 0:58 | Wisp |
| 1:30 | Archer |
| 1:32 | Wisp |
| 1:32 | Wisp |
| 1:32 | Wisp |
| 2:11 | Moon Well |
| 2:14 | Force of Nature |
| 2:17 | Archer |
| 2:49 | Ancient of War |
| 2:52 | Wisp |
| 2:52 | Wisp |
| 2:52 | Wisp |
| 2:52 | Wisp |
| 3:17 | Moon Well |
| 3:46 | Ancient of Wonders |
| 4:01 | Hunter's Hall |
| 4:03 | Archer |
| 4:03 | Archer |
| 4:16 | Archer |
| 4:16 | Archer |
| 4:43 | Archer |
| 4:54 | Moon Well |
| 5:15 | Glaive Thrower |
| 5:52 | Ancient Protector |
| 5:59 | Glaive Thrower |
| 7:50 | Glaive Thrower |
| 8:27 | Tree of Ages |
| 8:29 | Glaive Thrower |
| 8:57 | Scroll of Town Portal |
| 9:14 | Glaive Thrower |
| Right click | 303 |
| Select | 118 |
| Select group | 61 |
| Misc. action | 45 |
| Build/train/purchase | 27 |
| Assign group | 14 |
| Use ability | 7 |
| Remove unit | 1 |
⇛